Map: Catalyst LE

Players

llIllllIllll - Winner!

  • Race: Protoss Protoss
  • League: Master
  • Spawn Location: 5:00

Weedamins

  • Race: Protoss Protoss
  • League: Master
  • Spawn Location: 11:00

VOD

Have the link to the VOD?

Description

Time

  • Played on: Feb. 17, 2018, 5:38 p.m.
  • Length: 6:58
Show
View Real Time Build Order
Export as new Build Order

llIllllIllll Protoss - Winner!

Build Orders: 1 Gate Expand 

Get SALT Encoding   

  12  0:00  Probe  
  13  0:13  Probe  
  14  0:25  Probe  
  15  0:28  Pylon  
  15  0:46  Gateway, Probe  
  15  0:48  Pylon  
  16  0:59  Probe  
  17  1:21  Nexus  
  17  1:32  Zealot (Chrono Boost)  
  17  1:39  Pylon  
  19  1:53  Zealot (Chrono Boost)  
  19  1:59  Probe  
  22  2:03  Pylon  
  22  2:07  Pylon  
  22  2:28  Pylon  
  24  2:40  Pylon  
  22  2:49  Pylon  
  22  2:51  Pylon  
  22  2:52  Pylon  
  15  3:53  Pylon  
Show
View Real Time Build Order
Export as new Build Order

Weedamins Protoss 

Build Orders:  

Get SALT Encoding   

  12  0:01  Probe (Chrono Boost)  
  13  0:10  Probe (Chrono Boost)  
  14  0:17  Pylon  
  14  0:22  Probe  
  15  0:35  Probe  
  16  0:42  Forge  
  16  0:50  Probe  
  16  0:52  Pylon  
  17  1:02  Probe (Chrono Boost)  
  18  1:16  Photon Cannon  
  18  1:20  Probe  
  19  1:33  Gateway  
  19  1:35  Probe  
  20  1:50  Pylon  
  20  1:54  Probe  
  21  2:04  Assimilator  
  21  2:06  Probe (Chrono Boost)  
  22  2:13  Photon Cannon  
  22  2:15  Photon Cannon  
  22  2:18  Probe (Chrono Boost)  
  23  2:24  Pylon  
  23  2:26  Zealot  
  25  2:41  Photon Cannon  
  25  2:42  Photon Cannon  
  25  2:52  Photon Cannon  
Tags
 
Matchup
PvP
Spawn Locations
Cross Positions
Add a new tag
Caveats
  • Supply blocks, unpowered buildings, or Contaminate may cause inaccurate times.
  • Supply counts are checked every 10 seconds.